 Dungeon Crawl Stone Soup version 0.17.0-23-g0de4337 (webtiles) character file.

119 swanee the Skirmisher (level 4, -7/35 HPs)
             Began as a Mummy Wanderer on Nov 14, 2015.
             Mangled by a river rat (8 damage)
             ... on level 3 of the Dungeon.
             The game lasted 00:10:51 (2280 turns).

swanee the Skirmisher (Mummy Wanderer)              Turns: 2280, Time: 00:10:51

Health: -7/35      AC:  7    Str: 18    XL:     4   Next: 73%
Magic:  5/5        EV: 11    Int: 14    God:
Gold:   201        SH:  0    Dex:  9    Spells: 0 memorised, 5 levels left

rFire  . . .     SeeInvis .     a - +0 hand axe
rCold  . . .     Clarity  .     n - +0 ring mail
rNeg   + + +     SustAt   .     (no shield)
rPois  ∞         Gourm    .     (no helmet)
rElec  .         Spirit   .     u - +0 cloak
rCorr  .         Warding  .     (no gloves)
rMut   .         Stasis   .     q - +0 pair of boots
MR     .....                    p - amulet of inaccuracy (curse)
Stlth  +.........               m - +3 ring of intelligence
                                k - ring of fire

@: not resistant to hostile enchantments, very unstealthy
A: no food or potions, fire vulnerability, cold resistance 1, negative energy
resistance 3, torment resistance, unbreathing
a: no special abilities


You were on level 3 of the Dungeon.
You were not hungry.

You visited 1 branch of the dungeon, and saw 3 of its levels.

You collected 201 gold pieces.

Inventory:

Hand Weapons
 a - a +0 hand axe (weapon)
 b - a +2 blowgun
 j - a +0 hunting sling
 o - a +0 short sword
 A - a +0 mace
 D - a +0 spear
Missiles
 c - 2 curare-tipped needles
 i - 102 stones (quivered)
 r - 37 sling bullets
 s - 40 bolts
 v - 5 poisoned arrows
 x - 17 arrows
Armour
 e - a +0 robe
 n - a +0 ring mail (worn)
 q - a +0 pair of boots (worn)
 u - a +0 cloak (worn)
 y - a +0 plate armour
 z - a +0 leather armour
 B - a +0 buckler
Jewellery
 k - a ring of fire (left hand)
 m - a +3 ring of intelligence (right hand)
 p - a cursed amulet of inaccuracy (around neck)
 t - an uncursed amulet of the gourmand {unknown}
Scrolls
 d - 3 scrolls of teleportation
 f - a scroll of random uselessness {unknown}
 g - 3 scrolls of enchant weapon {unknown}
 h - 2 scrolls of remove curse {unknown}
 l - 3 scrolls of identify {unknown}
 w - a scroll of recharging {unknown}
 C - a scroll of amnesia {unknown}


   Skills:
 + Level 3.2 Fighting
 - Level 2.4 Axes
 * Level 2.1 Throwing
 + Level 2.0 Armour
 * Level 1.9 Dodging
 * Level 1.2 Stealth
 * Level 1.2 Spellcasting


You had 5 spell levels left.
You didn't know any spells.

Dungeon Overview and Level Annotations

Branches:
Dungeon (3/15)

Altars:
Cheibriados

Portals:
Sewer: D:3


Innate Abilities, Weirdness & Mutations

You do not eat or drink.
Your flesh is vulnerable to fire.
You are immune to poison.
Your flesh is cold resistant.
You are immune to negative energy.
You are immune to unholy pain and torment.
You can survive without breathing.


Message History

You kill the giant cockroach!
The hobgoblin closely misses you.
Found a glowing drain.
You see here a giant cockroach corpse.
You hit the hobgoblin.
The hobgoblin is almost dead.
The hobgoblin hits you but does no damage.
You barely miss the hobgoblin.
The hobgoblin is almost dead.
The hobgoblin misses you.
You closely miss the hobgoblin.
The hobgoblin is almost dead.
You hit the river rat but do no damage. The river rat bites you.
* * * LOW HITPOINT WARNING * * *
The hobgoblin barely misses you.
The river rat bites you but does no damage.
You miss the river rat. You barely miss the hobgoblin.
The hobgoblin is almost dead.
The hobgoblin barely misses you. The river rat bites you!
You die...

∩≈≈≈.# ≈≈≈.#
≈≈≈.## ≈.?.# ....#
# #...# # #r.# #
#@# # #g# ######
#.##### #.....
#.....#######.####
#.>...).........^.
#.....####.##.....
#.....[.........<.
#..........!....#.
#.....####.###....


You could see a river rat and a hobgoblin.

Vanquished Creatures
  6 adders
  An ooze (D:3)
  3 worms
  An orc (D:3)
  8 bats
  5 goblins
  12 hobgoblins
  3 jackals (D:3)
  A giant cockroach (D:3)
  5 kobolds
  8 rats
53 creatures vanquished.

Notes
Turn   | Place    | Note
--------------------------------------------------------------
     0 | D:1      | swanee the Mummy Wanderer began the quest for the Orb.
     0 | D:1      | swanee set off with: 3 curare-tipped needles, a +2 blowgun, a +0 hand axe, a scroll of teleportation, a +0 robe
     0 | D:1      | Reached XP level 1. HP: 18/18 MP: 1/1
   261 | D:1      | Found a snail-covered altar of Cheibriados.
   291 | D:1      | Reached XP level 2. HP: 4/24 MP: 2/2
   970 | D:2      | Reached skill level 1 in Dodging
   970 | D:2      | Reached XP level 3. HP: 26/29 MP: 3/3
  1231 | D:2      | Reached skill level 1 in Stealth
  1825 | D:3      | Reached skill level 1 in Spellcasting
  1825 | D:3      | Reached XP level 4. HP: 30/35 MP: 5/5
  2276 | D:3      | Found a glowing drain.
  2279 | D:3      | HP: 1/35 [river rat (6)]
  2280 | D:3      | Mangled by a river rat

Action                   |  1- 3 |  4- 6 || total
-------------------------+-------+-------++-------
Melee: Hand axe          |   164 |   134 ||   298
 Fire: Blowgun           |     5 |       ||     5
Throw: Stone             |    22 |     2 ||    24
